 Dungeon Crawl Stone Soup version 0.17.1-3-g152610e (webtiles) character file.

228 Nekros the Purveyor of Pain (level 5, -7/35 HPs)
             Began as a Vampire Necromancer on Apr 22, 2016.
             Was an Initiate of Kikubaaqudgha.
             Shot with an arrow by a centaur (9 damage)
             ... on level 5 of the Dungeon on Apr 23, 2016.
             The game lasted 01:59:51 (5007 turns).

Nekros the Purveyor of Pain (Vampire Necromancer)   Turns: 5007, Time: 01:59:51

Health: -7/35      AC:  0    Str:  2      XL:     5   Next: 71%
Magic:  6/11       EV: 20    Int: 16 (19) God:    Kikubaaqudgha [......]
Gold:   310        SH:  0    Dex: 19      Spells: 5 memorised, 0 levels left

rFire  . . .     SeeInvis +     (weapon currently unavailable)
rCold  + . .     Clarity  .     (armour currently unavailable)
rNeg   + + +     SustAt   .     (shield currently unavailable)
rPois  +         Gourm    .     (helmet currently unavailable)
rElec  .         Spirit   .     (cloak currently unavailable)
rCorr  .         Warding  +     (gloves currently unavailable)
rMut   .         Stasis   .     (boots currently unavailable)
MR     .....                    i - amulet of warding
Stlth  +++.......               (ring currently unavailable)
                                (ring currently unavailable)

@: bat-form, flying, regenerating slowly, very quick, not resistant to hostile
enchantments, fairly stealthy
A: (fangs 0), see invisible, (unbreathing)
a: End Transformation, Renounce Religion


You were on level 5 of the Dungeon.
You worshipped Kikubaaqudgha.
Kikubaaqudgha was noncommittal.
You were very thirsty.
You were in vampire-bat-form.
You visited 1 branch of the dungeon, and saw 5 of its levels.

You collected 310 gold pieces.

Inventory:

Hand Weapons
 e - a +1 spear (melded)
 s - a +3 quarterstaff
Armour
 a - a +1 robe (melded)
 j - a fire dragon hide
Jewellery
 d - a ring of protection from magic (melded)
 g - a ring of poison resistance (melded)
 i - an amulet of warding (around neck)
 k - an uncursed ring of fire
Scrolls
 h - a scroll of random uselessness
 m - a scroll of immolation
 o - a scroll of enchant weapon
 p - 2 scrolls of blinking
Potions
 f - 2 potions of curing
 l - a potion of degeneration
 q - 2 potions of agility
 r - a potion of mutation {unknown}
Books
 b - a book of Necromancy

   Spells                             Type                      Level
   a - Pain                           Necromancy                   1
   b - Animate Skeleton               Necromancy                   1
   c - Vampiric Draining              Necromancy                   3
   d - Regeneration                   Charms/Necromancy            3
   e - Animate Dead                   Necromancy                   4
   f - Control Undead                 Necromancy                   4


   Skills:
 - Level 2.1 Dodging
 - Level 3.0 Stealth
 * Level 4.6 Spellcasting
 * Level 5.7 Necromancy


You couldn't memorise any spells.
You knew the following spells:

 Your Spells              Type           Power        Failure   Level  Hunger
a - Pain                  Necr           ###.         1%          1    None
b - Animate Skeleton      Necr           N/A          1%          1    None
c - Animate Dead          Necr           N/A          17%         4    ####...
d - Control Undead        Necr           ###.......   17%         4    ####...
e - Regeneration          Chrm/Necr      ##........   14%         3    ###....


Dungeon Overview and Level Annotations

Branches:
Dungeon (5/15)
 Temple: D:4-7

Altars:
Kikubaaqudgha
Makhleb
Qazlal
Trog
Yredelemnul

Shops:
D:4 (

Annotations:
D:2 1 runed door
D:5 Kiel97's ghost, novice NaAE; Sigmund


Innate Abilities, Weirdness & Mutations

You heal slowly.
((You have razor-sharp teeth.))
You have supernaturally acute eyesight.
((You can survive without breathing.))


Message History

Your ring of protection from magic melds into your body.
The centaur shoots an arrow.
The arrow hits you.
* * * LOW HITPOINT WARNING * * *
The centaur shoots an arrow.
The arrow barely misses you.
The centaur shoots an arrow.
The arrow misses you.
A quokka comes into view.
You see here 2 arrows.
The centaur shoots an arrow.
The arrow hits your worker ant zombie!
The centaur shoots an arrow.
The arrow hits your worker ant zombie!
The centaur shoots an arrow.
The arrow barely misses your worker ant zombie.
The arrow closely misses you.
You see here an arrow.
The centaur shoots an arrow.
The arrow barely misses your worker ant zombie.
The arrow completely misses you.
You see here an arrow.
The centaur shoots an arrow.
The arrow hits you!
You die...
Kikubaaqudgha rasps: "You have failed me!
Welcome... oblivion!"

#.........<.............#
####.##.......................#
........######...#######.......
#......## #...# #.......
...#.#. #...# ##...### #. #...
#...##### #...... ##..
#.......# #...### #.. #...###.#
##### !.. ###b.#### # ..#
#.>.....#.# #.#.......#
#.#(##..#.# #.#(......#
.###..Z.##.(.. ......#..##.#.#
...##....c....# #. ####.######


You could see a centaur and a friendly worker ant zombie.

Vanquished Creatures
  An orc priest (D:4)
  A crimson imp (D:5)
  A giant frog skeleton (D:4)
  2 worker ants (D:5)
  A hound skeleton (D:4)
  6 adders
  3 worms (D:2)
  An orc (D:4)
  7 bats
  5 giant cockroaches
  8 goblins
  7 hobgoblins
  A quokka (D:1)
  A giant gecko (D:1)
  3 giant newts
  2 kobolds (D:2)
  A kobold skeleton (D:2)
  6 rats
57 creatures vanquished.

Vanquished Creatures (collateral kills)
  An orc priest (D:4)
  A worm (D:4)
  A giant gecko (D:1)
  A goblin (D:2)
4 creatures vanquished.

Grand Total: 61 creatures vanquished

Notes
Turn   | Place    | Note
--------------------------------------------------------------
     0 | D:1      | Nekros the Vampire Necromancer began the quest for the Orb.
     0 | D:1      | Reached XP level 1. HP: 13/13 MP: 3/3
    13 | D:1      | Learned a level 1 spell: Animate Skeleton
   239 | D:1      | Reached XP level 2. HP: 1/19 MP: 2/5
  1642 | D:3      | Reached XP level 3. HP: 18/24 MP: 2/7
  1700 | D:3      | Found an ancient bone altar of Kikubaaqudgha.
  1707 | D:3      | Became a worshipper of Kikubaaqudgha
  1978 | D:2      | Found a stormy altar of Qazlal.
  2101 | D:2      | Found a bloodstained altar of Trog.
  2102 | D:2      | Found a burning altar of Makhleb.
  2715 | D:2      | Noticed a human
  2717 | D:2      | Found a runed door.
  2722 | D:2      | Found a basalt altar of Yredelemnul.
  3134 | D:4      | Found Begiczer's Antique Weapon Shop.
  3187 | D:4      | Reached XP level 4. HP: 28/30 MP: 6/9
  3193 | D:4      | Learned a level 4 spell: Animate Dead
  3476 | D:4      | Reached skill level 5 in Necromancy
  3484 | D:4      | Learned a level 4 spell: Control Undead
  3813 | D:4      | Reached XP level 5. HP: 19/35 MP: 0/11
  4328 | D:5      | Entered Level 5 of the Dungeon
  4536 | D:5      | Noticed Kiel97's ghost (novice NaAE)
  4619 | D:5      | Noticed a centaur
  4706 | D:5      | Noticed Sigmund
  4811 | D:5      | Learned a level 3 spell: Regeneration
  5007 | D:5      | Shot with an arrow by a centaur

Action                   |  1- 3 |  4- 6 || total
-------------------------+-------+-------++-------
Melee: Spear             |    21 |    36 ||    57
 Cast: Pain              |    62 |    32 ||    94
       Animate Skeleton  |    12 |       ||    12
       Control Undead    |       |     3 ||     3
       Animate Dead      |       |     4 ||     4
       Regeneration      |       |     1 ||     1
 Abil: Bat Form          |     4 |     6 ||    10
       End Transformatio |     4 |     5 ||     9
  Use: Scroll            |    13 |     1 ||    14
       Potion            |    10 |     7 ||    17
 Stab: Sleeping          |     1 |       ||     1
